 Dungeon Crawl Stone Soup version 0.30-a0-847-g17996783a1 (webtiles) character file.

Game seed: 7509370031299423243

88 Maxmaps the Shield-Bearer (level 4, -2/41 HPs)
             Began as a Gnoll Fighter on Mar 4, 2023.
             Slain by an orc wizard
             ... wielding a +2 dagger of distortion
              (23 damage)
             ... on level 3 of the Dungeon.
             The game lasted 00:01:45 (1675 turns).

Maxmaps the Shield-Bearer (Gnoll Fighter)           Turns: 1675, Time: 00:01:46

Health: -2/41      AC: 10    Str: 15    XL:     4   Next: 54%
Magic:  5/5        EV:  9    Int:  9    God:
Gold:   108        SH:  5    Dex: 12    Spells: 5/5 levels left

rFire   . . .      SeeInvis .    a - +0 trident
rCold   + . .      Faith    .    c - +0 buckler
rNeg    . . .      Spirit   .    b - +0 scale mail
rPois   .          Reflect  .    h - +0 helmet
rElec   .          Rampage  .    (no cloak)
rCorr   .                        f - +0 pair of gloves
Will    .....                    (no boots) Stlth
                                 (no amulet)
HPRegen 0.26/turn                n - ring of protection from cold
MPRegen 0.09/turn                (no ring)

@: no status effects
A: fangs 1, strong nose, distributed training
a: no special abilities


You were on level 3 of the Dungeon.
You visited 1 branch of the dungeon, and saw 3 of its levels.

You collected 108 gold pieces.

Inventory:

Hand Weapons
 a - a +0 trident (weapon)
Missiles
 g - 3 poisoned darts (quivered)
Armour
 b - a +0 scale mail (worn)
 c - a +0 buckler (worn)
 f - a +0 pair of gloves (worn)
 h - a +0 helmet (worn)
Jewellery
 n - a ring of protection from cold (left hand)
Scrolls
 i - 2 scrolls of butterflies {unknown}
 j - 4 scrolls of identify {unknown}
 l - a scroll of magic mapping {unknown}
 m - a scroll of enchant armour {unknown}
 p - a scroll of fear {unknown}
Potions
 d - 2 potions of might
 e - 2 potions of brilliance {unknown}
 k - a potion of degeneration {unknown}
 o - a potion of berserk rage {unknown}


   Skills:
 + Level 6.6 Fighting
 + Level 1.2 Short Blades
 + Level 1.2 Long Blades
 + Level 1.2 Axes
 + Level 1.2 Maces & Flails
 + Level 4.7 Polearms
 + Level 1.2 Staves
 + Level 1.2 Ranged Weapons
 + Level 1.2 Throwing
 + Level 6.6 Armour
 + Level 1.2 Dodging
 + Level 1.2 Stealth
 + Level 6.6 Shields
 + Level 1.2 Unarmed Combat
 + Level 1.2 Spellcasting
 + Level 1.0 Conjurations
 + Level 1.0 Hexes
 + Level 1.0 Summonings
 + Level 1.0 Necromancy
 + Level 1.0 Translocations
 + Level 1.0 Transmutations
 + Level 1.0 Fire Magic
 + Level 1.0 Ice Magic
 + Level 1.0 Air Magic
 + Level 1.0 Earth Magic
 + Level 1.0 Poison Magic
 + Level 1.3 Invocations
 + Level 1.2 Evocations


You had 5 spell levels left.
You didn't know any spells.
Your spell library contained the following spells:

 Spells                   Type           Power      Damage    Failure   Level
 Stone Arrow              Conj/Erth      4%         3d7       96%         3
 Animate Armour           Summ/Erth      4%         N/A       100%        4
 Lehudib's Crystal Spear  Conj/Erth      1%         10d2      100%        8


Dungeon Overview and Level Annotations

Branches:
Dungeon (3/15)

Altars:

Shops:
D:2 *


Innate Abilities, Weirdness & Mutations

You have very sharp teeth.
Your uncanny sense of smell can sniff out nearby items.
Your experience applies equally to all skills.


Message History

No target in view!
No target in view!
No target in view!
No target in view!
No target in view!
No target in view!
No target in view!
No target in view!
A puff of flame appears from out of thin air!
The puff of flame hits you!
You are confused.
You bump into the rock wall.
A puff of flame appears from out of thin air!
The puff of flame hits you.
You bump into the rock wall.
You bump into the rock wall.
A magic dart appears from out of thin air!
The magic dart hits you but does no damage.
You bump into the rock wall.
You feel less confused.
Things that are here:
a +0 whip; a +0 scale mail; an orc corpse
Things that are here:
a +0 short sword; a +1 leather armour of cold resistance A magic dart appears from out of thin air!
The magic dart hits you but does no damage.
An orc wizard appears from thin air!
Reactivating autopickup.
You hit the orc wizard.
The orc wizard is almost dead.
You block the orc wizard's attack.
You hit the orc wizard but do no damage.
The orc wizard is almost dead.
The orc wizard hits you with a +2 dagger of distortion.
You completely miss the orc wizard.
The orc wizard is almost dead.
The orc wizard hits you with a +2 dagger of distortion.
Space warps horribly around you!!
Ouch! That really hurt!
You die...

#..........#
#.########.#
#.#{.....#.#
#.)).###.#.# ######
#.#.# #.#..# #.#.#
##### #.#..# #.#.#
....# #.#..# #o#.#
....# #.#..# #@#.#
....# #.#..# #.#.#
....# #.#..#####.#.#
....# #.#........#.#
....###.#.########.#
....'...............
....#......#########
....#......#
....#......#


You could see an orc wizard.

Vanquished Creatures
  An adder (D:2)
  5 worms
  2 dart slugs
  4 orcs
  7 bats
  2 giant cockroaches (D:1)
  6 goblins
  4 hobgoblins
  2 jackals (D:1)
  3 quokkas
  6 ball pythons
  2 frilled lizards
  8 kobolds
  6 rats
58 creatures vanquished.

Vanquished Creatures (others)
  3 plants (D:2)
3 creatures vanquished.

Grand Total: 61 creatures vanquished

Notes
Turn   | Place    | Note
-------+----------+-------------------------------------------
     0 | D:1      | Maxmaps the Gnoll Fighter began the quest for the Orb.
     0 | D:1      | Reached XP level 1. HP: 23/23 MP: 1/1
   133 | D:1      | Reached XP level 2. HP: 29/29 MP: 2/2
   358 | D:1      | Found a faded altar of an unknown god.
   449 | D:1      | Reached XP level 3. HP: 35/35 MP: 3/3
   746 | D:2      | Reached skill level 1 in Invocations
   836 | D:2      | Reached skill level 1 in Short Blades
   836 | D:2      | Reached skill level 1 in Long Blades
   836 | D:2      | Reached skill level 1 in Axes
   836 | D:2      | Reached skill level 1 in Maces & Flails
   836 | D:2      | Reached skill level 1 in Staves
   836 | D:2      | Reached skill level 1 in Ranged Weapons
   836 | D:2      | Reached skill level 1 in Throwing
   836 | D:2      | Reached skill level 1 in Dodging
   836 | D:2      | Reached skill level 1 in Stealth
   836 | D:2      | Reached skill level 1 in Unarmed Combat
   836 | D:2      | Reached skill level 1 in Spellcasting
   836 | D:2      | Reached skill level 1 in Evocations
  1166 | D:2      | Found Qozol's Assorted Antiques.
  1197 | D:2      | Reached XP level 4. HP: 19/41 MP: 5/5
  1522 | D:3      | Reached skill level 1 in Conjurations
  1522 | D:3      | Reached skill level 1 in Hexes
  1522 | D:3      | Reached skill level 1 in Summonings
  1522 | D:3      | Reached skill level 1 in Necromancy
  1522 | D:3      | Reached skill level 1 in Translocations
  1522 | D:3      | Reached skill level 1 in Transmutations
  1522 | D:3      | Reached skill level 1 in Fire Magic
  1522 | D:3      | Reached skill level 1 in Ice Magic
  1522 | D:3      | Reached skill level 1 in Air Magic
  1522 | D:3      | Reached skill level 1 in Earth Magic
  1522 | D:3      | Reached skill level 1 in Poison Magic
  1675 | D:3      | Slain by an orc wizard

Illustrated notes

Levels and vault maps discovered:
D:1:      minmay_arrival_loop, layout_basic, ebering_ecumenical_altar_box
D:2:      layout_loops_cross, serial_shops, nicolae_shop_overgrown_old_shop
D:3:      layout_basic, uniq_ijyb, uniq_jessica

Skill      XL: |  1  2  3  4 |
---------------+-------------+-----
Invocations    | 1 |  1.3
Short Blades   | 1 |  1.2
Long Blades    | 1 |  1.2
Axes           | 1 |  1.2
Maces & Flails | 1 |  1.2
Staves         | 1 |  1.2
Ranged Weapons | 1 |  1.2
Throwing       | 1 |  1.2
Dodging        | 1 |  1.2
Stealth        | 1 |  1.2
Unarmed Combat | 1 |  1.2
Spellcasting   | 1 |  1.2
Evocations     | 1 |  1.2
Conjurations   | 1 |  1.0
Hexes          | 1 |  1.0
Summonings     | 1 |  1.0
Necromancy     | 1 |  1.0
Translocations | 1 |  1.0
Transmutations | 1 |  1.0
Fire Magic     | 1 |  1.0
Ice Magic      | 1 |  1.0
Air Magic      | 1 |  1.0
Earth Magic    | 1 |  1.0
Poison Magic   | 1 |  1.0
Fighting       | |  6.6
Polearms       | |  4.7
Armour         | |  6.6
Shields        | |  6.6

Action                     |  1- 3 |  4- 6 || total
---------------------------+-------+-------++-------
  Melee: Trident           |   144 |    46 ||   190
         Bite              |    21 |     8 ||    29
 Armour: Scale mail        |    46 |    25 ||    71
  Dodge: Dodged            |    39 |    17 ||    56
  Block: Buckler           |    29 |     9 ||    38

Table legend: (Time is in decaauts)
 A = Elapsed time spent in this place.
 B = Non-inter-level travel time spent in this place.
 C = Inter-level travel time spent in this place.
 D = Time resting spent in this place.
 E = Time spent auto-exploring this place.
 F = Levels seen in this place.
 G = Mean time per level.
                   A        B        C        D        E       F      G
               +--------+--------+--------+--------+--------+-----+--------+
         Total |   1695 |   1637 |     58 |     67 |   1143 |   3 |  565.0 |
       Dungeon |   1695 |   1637 |     58 |     67 |   1143 |   3 |  565.0 |
               +--------+--------+--------+--------+--------+-----+--------+

Top non-repeatable levels by time:
     D:2: 793 daAuts
     D:1: 726 daAuts
     D:3: 175 daAuts
